 Dungeon Crawl Stone Soup version 0.30-a0-57-g8b159a9891 (webtiles) character file.

Game seed: 17230294352055170164

46 BritishOli the Trooper (level 3, -1/29 HPs)
             Began as a Demonspawn Fighter on Sept 12, 2022.
             Slain by a goblin
             ... wielding a +0 club
             ... led by Robin
              (3 damage)
             ... on level 2 of the Dungeon.
             The game lasted 00:01:49 (2158 turns).

BritishOli the Trooper (Demonspawn Fighter)         Turns: 2158, Time: 00:01:50

Health: -1/29      AC:  7    Str: 18    XL:     3   Next: 46%
Magic:  3/3        EV:  9    Int:  9    God:
Gold:   103        SH:  4    Dex: 12    Spells: 2/2 levels left

rFire   . . .      SeeInvis .    a - +0 long sword
rCold   . . .      Faith    .    c - +0 buckler
rNeg    . . .      Spirit   .    b - +0 scale mail
rPois   .          Reflect  .    (no helmet)
rElec   .          Harm     .    i - +0 cloak
rCorr   .          Rampage  .    (no gloves)
Will    .....                    (no boots)
Stlth   ..........               (no amulet)
HPRegen 0.09/turn                (no ring)
MPRegen 0.08/turn                (no ring)

@: no status effects
A: demonic guardian 1
a: no special abilities


You were on level 2 of the Dungeon.
You visited 1 branch of the dungeon, and saw 2 of its levels.

You collected 103 gold pieces.

Inventory:

Hand Weapons
 a - a +0 long sword (weapon)
Missiles
 j - 5 boomerangs (quivered)
Armour
 b - a +0 scale mail (worn)
 c - a +0 buckler (worn)
 i - a +0 cloak (worn)
Jewellery
 k - a ring of magical power
Scrolls
 e - 3 scrolls of poison {unknown}
 f - 2 scrolls of teleportation {unknown}
 h - a scroll of fear {unknown}
Potions
 d - a potion of might
 g - a potion of curing {unknown}


   Skills:
 + Level 3.4 Fighting
 + Level 2.3 Long Blades
 + Level 3.1 Armour
 + Level 3.1 Shields


You had 2 spell levels left.
You didn't know any spells.
Your spell library was empty.

Dungeon Overview and Level Annotations

Branches:
Dungeon (2/15)

Altars:

Annotations:
D:2 Robin


Innate Abilities, Weirdness & Mutations

A weak demonic guardian rushes to your aid.


Message History

You miss the goblin. The goblin hits you but does no damage.
You closely miss the goblin. The goblin hits you but does no damage.
The goblin closely misses you.
You hit the goblin.
The goblin is heavily wounded.
Your shadow imp disappears in a puff of smoke!
The goblin misses you. Robin throws the goblin at you!
You hit the goblin.
The goblin is severely wounded.
The goblin hits you with a +0 club. The goblin completely misses you.
Robin roars a battlecry!
The goblins go into a battle-frenzy!
You barely miss the goblin.
The goblin is severely wounded.
The goblin no longer looks unusually strong.
The goblin hits you but does no damage. The goblin closely misses you.
You block the goblin's attack. The goblin hits you with a +0 club.
You hit the goblin but do no damage.
The goblin is severely wounded.
The goblin hits you with a +0 club. The goblin barely misses you.
Robin throws the goblin at you!
You closely miss the goblin.
The goblin is severely wounded.
The goblin barely misses you. The goblin hits you with a +0 club.
You block the goblin's attack.
You slash the goblin!
You kill the goblin!
The goblin hits you but does no damage. You block the goblin's attack.
The goblin hits you with a +0 club. The goblin hits you but does no damage.
You closely miss the goblin. The goblin barely misses you.
Robin throws the goblin at you! The goblin barely misses you.
You closely miss the goblin. The goblin hits you but does no damage.
The goblin hits you with a +0 club. x2
* * * LOW HITPOINT WARNING * * *
You slash the goblin!
You kill the goblin!
The goblin hits you but does no damage. The goblin hits you with a +0 club.
* * * LOW HITPOINT WARNING * * *
A demonic guardian appears!
The goblin hits you with a +0 club.
You die...

#.# #.#.....#.#.##.......#.#
#.# #.#######.#.#........#.#
#.# #...........<........#.#
#.# #########.#.~~~~.......#
#.# #.......#.#.~≈≈~~~######
#.# #.###.....#.~≈≈≈≈~~~....
#.###.#######....~~≈≈≈≈~~~~#
#.....##.5gg#.#(##~~~≈≈≈≈≈~~
######## #@#.#.....~~~≈≈≈≈≈
#.##g#.#####.##~~~~≈≈
#..g.#............~~~
#....#######.####..##
#.)..:.......#.......
#....#########.##...# #.....
..........# ####...
####.##.#.# .... # #.#)#


You could see Robin, 3 goblins and a friendly iron imp (summoned).

Vanquished Creatures
  An adder (D:2)
  A dart slug (D:2)
  3 orcs (D:2)
  2 giant cockroaches (D:1)
  8 goblins
  2 hobgoblins
  2 quokkas (D:2)
  4 ball pythons
  2 bats (D:2)
  2 frilled lizards (D:1)
  A kobold (D:2)
  2 rats (D:2)
30 creatures vanquished.

Vanquished Creatures (collateral kills)
  An orc (D:2)
  A rat (D:2)
2 creatures vanquished.

Grand Total: 32 creatures vanquished

Notes
Turn   | Place    | Note
-------+----------+-------------------------------------------
     0 | D:1      | BritishOli the Demonspawn Fighter began the quest for the
                  | Orb.
     0 | D:1      | Reached XP level 1. HP: 18/18 MP: 1/1
   516 | D:1      | Found a faded altar of an unknown god.
   693 | D:1      | Gained mutation: A weak demonic guardian rushes to your
                  | aid. [demonic ancestry]
   693 | D:1      | Reached XP level 2. HP: 12/24 MP: 2/2
  1585 | D:2      | HP: 1/24 [orc/+0 hand axe (3)]
  1591 | D:2      | HP: 1/24 [orc/+0 hand axe (1)]
  1594 | D:2      | Reached XP level 3. HP: 1/29 MP: 3/3
  2135 | D:2      | Noticed Robin
  2158 | D:2      | Slain by a goblin

Illustrated notes

Levels and vault maps discovered:
D:1:      elethiomel_arrival_maze, layout_basic,
          shapermc_ecumenical_altar_hornbeckon, minmay_misc_feat_hallway
D:2:      wander_river, layout_basic, st_stairs_5, nrook_uturn, uniq_robin

Skill      XL: |  1  2 |
---------------+-------+-----
Long Blades    | 2 |  2.3
Armour         | 3 |  3.1
Shields        | 3 |  3.1
Fighting       | |  3.4

Action                   || total
-------------------------++-------
Melee: Long sword        ||   109
Throw: Boomerang         ||     4
Armor: Scale mail        ||    61
Dodge: Dodged            ||    66
Block: Buckler           ||    29

Table legend: (Time is in decaauts)
 A = Elapsed time spent in this place.
 B = Non-inter-level travel time spent in this place.
 C = Inter-level travel time spent in this place.
 D = Time resting spent in this place.
 E = Time spent auto-exploring this place.
 F = Levels seen in this place.
 G = Mean time per level.
                   A        B        C        D        E       F      G
               +--------+--------+--------+--------+--------+-----+--------+
         Total |   2205 |   2179 |     26 |    402 |   1481 |   2 | 1102.5 |
       Dungeon |   2205 |   2179 |     26 |    402 |   1481 |   2 | 1102.5 |
               +--------+--------+--------+--------+--------+-----+--------+

Top non-repeatable levels by time:
     D:1: 1148 daAuts
     D:2: 1057 daAuts
